 Dungeon Crawl Stone Soup version 0.24.0-123-gd5b16e6ec5 (webtiles) character file.

Game seed: 7352666805281629342, levelgen mode: deterministic

26 Kobolds4U the Sneak (level 2, 0/13 HPs)
             Began as a Spriggan Conjurer on Dec 21, 2019.
             Was an Initiate of Ashenzari.
             Slain by a quokka (5 damage)
             ... on level 2 of the Dungeon.
             The game lasted 00:02:19 (1413 turns).

Kobolds4U the Sneak (Spriggan Conjurer)             Turns: 1413, Time: 00:02:20

Health: 0/13       AC:  2    Str:  4    XL:     2   Next: 89%
Magic:  2/6        EV: 18    Int: 16    God:    Ashenzari [......]
Gold:   95         SH:  0    Dex: 16    Spells: 3/6 levels left

rFire    . . .     SeeInvis +   (weapon restricted)
rCold    . . .     Gourm    .   (shield restricted)
rNeg     . . .     Faith    .   a - +0 robe
rPois    .         Spirit   .   (helmet restricted)
rElec    .         Reflect  .   (no cloak)
rCorr    .         Harm     .   (gloves unavailable)
MR       .....                  (boots unavailable)
Stlth    +++.......             (no amulet)
HPRegen  0.04/turn              (no ring)
MPRegen  0.10/turn              (no ring)

@: very quick
A: very small, unfitting armour, see invisible, herbivore, speed 3, slow
metabolism 2
a: Curse Item, Renounce Religion


You were on level 2 of the Dungeon.
You worshipped Ashenzari.
Ashenzari was noncommittal.
You were not hungry.

You visited 1 branch of the dungeon, and saw 2 of its levels.

You collected 95 gold pieces.

Inventory:

Armour
 a - a +0 robe (worn)
Jewellery
 j - an uncursed ring of positive energy
Scrolls
 b - a scroll of teleportation {unknown}
 d - 3 scrolls of identify {unknown}
 e - a scroll of fog {unknown}
 f - a scroll of random uselessness {unknown}
 h - 2 scrolls of immolation {unknown}
 i - a scroll of remove curse
Potions
 g - 3 potions of curing {unknown}
 k - a potion of brilliance {unknown}
 l - a potion of might {unknown}
Comestibles
 c - 4 rations


   Skills:
 - Level 3.0 Dodging
 + Level 5.4 Stealth
 - Level 2.6 Spellcasting
 - Level 2.9 Conjurations


You had 3 spell levels left.
You knew the following spells:

 Your Spells              Type           Power        Failure   Level  Hunger
a - Magic Dart            Conj           ##..         6%          1    #......
b - Searing Ray           Conj           ##....       9%          2    ##.....

Your spell library contained the following spells:

 Spells                   Type           Power        Failure   Level  Hunger
 Dazzling Spray           Conj/Hex       #.....       32%         3    ###....
 Iskenderun's Mystic Bla  Conj           ##......     50%         4    #####..
 Force Lance              Conj/Tloc      #.......     71%         4    #####..
 Fulminant Prism          Conj/Hex       #.........   71%         4    #####..


Dungeon Overview and Level Annotations

Branches:
Dungeon (2/15)

Altars:
Ashenzari


Innate Abilities, Weirdness & Mutations

You are very small and have problems with some larger weapons.
You are too small for most types of armour.
You have supernaturally acute eyesight. (SInv)
You are a herbivore.
You cover ground extremely quickly.
You need to consume almost no food.


Message History

The magic dart hits the quokka.
The quokka is moderately wounded.
The quokka bites you.
Casting: Magic Dart (safe; 6% risk of failure)
Confirm with . or Enter, or press ? or * to list all spells.
Aiming: Magic Dart (safe; 6% risk of failure)
Press: ? - help, Shift-Dir - straight line, f/p - quokka
Aim: a quokka (moderately wounded)
The magic dart hits the quokka.
The quokka is heavily wounded.
The quokka bites you.
Casting: Magic Dart (safe; 6% risk of failure)
Confirm with . or Enter, or press ? or * to list all spells.
Aiming: Magic Dart (safe; 6% risk of failure)
Press: ? - help, Shift-Dir - straight line, f/p - quokka
Aim: a quokka (heavily wounded)
The magic dart hits the quokka but does no damage.
The quokka is heavily wounded.
The quokka bites you.
You die...

####### .......
....... .......
## ....... ..
.......#######.
####
......r........
...# #@#
##.#####.# #.#
.........#
#####.#
##.#######
#.....#
#.#########.#####
#...........#
#############


You could see a quokka.

Vanquished Creatures
  An ooze (D:1)
  A worm (D:2)
  A dart slug (D:2)
  A bat (D:1)
  A giant cockroach (D:1)
  6 goblins
  2 kobolds (D:1)
  3 rats
16 creatures vanquished.

Notes
Turn   | Place    | Note
-------+----------+-------------------------------------------
     0 | D:1      | Kobolds4U the Spriggan Conjurer began the quest for the
                  | Orb.
     0 | D:1      | Reached XP level 1. HP: 9/9 MP: 5/5
   144 | D:1      | Reached skill level 4 in Stealth
   391 | D:1      | Reached XP level 2. HP: 13/13 MP: 2/6
   395 | D:1      | Learned a level 2 spell: Searing Ray
   454 | D:1      | Found a shattered altar of Ashenzari.
   533 | D:1      | Became a worshipper of Ashenzari the Shackled
  1074 | D:2      | Reached skill level 5 in Stealth
  1413 | D:2      | Slain by a quokka

Levels and vault maps discovered:
D:1:      shiori_arrival_elements, layout_basic, evilmike_ruin_ashenzari
D:2:      cheibrodos_pilgrimage, layout_basic, uniq_crazy_yiuf_cottage,
          uniq_jessica

Skill      XL: |  1  2 |
---------------+-------+-----
Stealth        | 4 5 |  5.4
Dodging        | |  3.0
Spellcasting   | |  2.6
Conjurations   | |  2.9

Action                   || total
-------------------------++-------
Melee: Unarmed           ||    20
 Cast: Magic Dart        ||    43
       Searing Ray       ||     1
Armor: Robe              ||     4
Dodge: Dodged            ||    15
